cohdb
Replays
Latest Replays
All Replays
Popular Replays
Top Player Replays
Match Explorer
How It Works
Community
CoH3 Stats
Reddit
Sign in to upload your games and track your stats! →
Sign in with Steam
Match 38194379
Unlisted
Match 38194379
Overview
Messages
Build Orders
End
Royal Engineer Section
Construct Section Command Post
Infantry Section
Selects Indian Artillery Battlegroup
Selects Indian Artillery Battlegroup
Infantry Section
Infantry Section
Construct Platoon Command Post
Humber Armored Car
Selects War Cry
Selects Gurkha Rifles Section
Construct Company Command Post
Grenade Package
Selects Volunteer Infantry
Selects Artillery Saturation
Crusader II Medium Tank
Crusader II Medium Tank
Selects Off-map Airburst Barrage
Off-map Airburst Barrage
Crusader II Medium Tank
Armored Vehicle Training
Off-map Airburst Barrage
STALKER4732
ezh
kit.ohume
Devochkin
My friend helped me
bigridge69
Shiznit
坐牢大行动
0
0
Comments
sign in to comment!
No comments posted yet!